 Dungeon Crawl Stone Soup version 0.20-a0-991-g93344ec (webtiles) character file.

88736 Nek the Destroyer (level 15, -20/116 HPs)
             Began as a Green Draconian Conjurer on Apr 11, 2017.
             Was the Champion of Fedhas.
             Killed from afar by Nikola (31 damage)
             ... with a chain lightning
             ... on level 1 of the Spider Nest on Apr 12, 2017.
             The game lasted 03:10:33 (48050 turns).

Nek the Destroyer (Green Draconian Conjurer)       Turns: 48050, Time: 03:10:34

Health: -20/116    AC: 13    Str: 12    XL:     15   Next: 47%
Magic:  15/38      EV: 17    Int: 21    God:    Fedhas [******]
Gold:   2017       SH:  6    Dex: 11    Spells: 14/34 levels left

rFire    . . .     SeeInvis .   B - staff of energy
rCold    . . .     Gourm    .   W - +0 buckler
rNeg     . . .     Faith    .   (armour unavailable)
rPois    +         Spirit   .   (helmet restricted)
rElec    .         Reflect  .   C - +0 cloak
rCorr    .         Harm     .   G - +1 pair of gloves
MR       +....                  l - +0 pair of boots
Stlth    +++++.....             (no amulet)
Regen    0.3/turn               x - ring of stealth
MPRegen  0.3/turn               s - ring of magical power

@: short of breath
A: breathe noxious fumes, unfitting armour, stinger 1, poison resistance,
cold-blooded, AC +9
a: Breathe Noxious Fumes, Fungal Bloom, Evolution, Sunlight, Growth,
Reproduction, Rain, Renounce Religion


You were on level 1 of the Spider Nest.
You worshipped Fedhas.
Fedhas was exalted by your worship.
You were not hungry.

You visited 5 branches of the dungeon, and saw 23 of its levels.
You also visited: Ossuary.

You collected 2074 gold pieces.
You spent 57 gold pieces at shops.

Inventory:

Hand Weapons
 Z - the +3 short sword of Xom's Envy {venom, Stlth+}
   (You found it on level 10 of the Dungeon)

   It poisons the flesh of those it strikes.
   It makes you more stealthy.
Armour
 l - a +0 pair of boots (worn)
 C - a +0 cloak (worn)
 G - a +1 pair of gloves (worn)
 W - a +0 buckler (worn)
Magical Staves
 B - an uncursed staff of energy (weapon)
Jewellery
 s - a ring of magical power (right hand)
 x - a ring of stealth (left hand)
 F - a +2 ring of protection
Wands
 a - a wand of lightning (5/15)
 E - a wand of iceblast (4/15)
 K - a wand of digging (14/24)
 M - a wand of disintegration (14/24)
 P - a wand of flame (17/48)
 Q - a wand of acid (5/15)
Scrolls
 c - 6 scrolls of teleportation
 k - 9 scrolls of remove curse
 m - 5 scrolls of amnesia
 p - 2 scrolls of enchant weapon
 t - 2 scrolls of fear
 w - 6 scrolls of recharging
 y - 3 scrolls of magic mapping
 z - 4 scrolls of identify
 I - 5 scrolls of blinking
 J - 2 scrolls of enchant armour
 R - a scroll of brand weapon
Potions
 d - 2 potions of lignification
 e - 7 potions of heal wounds
 f - a potion of degeneration {unknown}
 h - 2 potions of magic
 j - 3 potions of invisibility
 n - 5 potions of agility
 q - a potion of berserk rage {unknown}
 r - 8 potions of brilliance
 u - 2 potions of flight
 A - 11 potions of curing
 D - 4 potions of mutation
 L - 2 potions of haste
 N - 2 potions of might
 O - 2 potions of ambrosia
 V - a potion of cancellation
Miscellaneous
 H - a phial of floods
 T - a lightning rod (4/4)
Comestibles
 b - 10 bread rations
 g - 9 royal jellies
 o - a fruit


   Skills:
 - Level 6.4 Fighting
 - Level 10.3 Dodging
 - Level 9.0 Stealth
 - Level 10.1 Shields
 - Level 10.3 Spellcasting
 + Level 14.0 Conjurations
 - Level 9.0 Translocations
 + Level 1.3 Fire Magic
 - Level 5.2 Air Magic
 - Level 12.0 Poison Magic


You had 14 spell levels left.
You knew the following spells:

 Your Spells              Type           Power        Failure   Level  Hunger
a - Magic Dart            Conj           ####         1%          1    None
b - Iskenderun's Mystic   Conj           ######..     1%          4    None
c - Mephitic Cloud        Conj/Pois/Air  ######..     1%          3    None
d - Blink                 Tloc           N/A          1%          2    None
e - Force Lance           Conj/Tloc      ######..     1%          4    None
f - Bolt of Fire          Conj/Fire      #####.....   45%         6    None


Dungeon Overview and Level Annotations

Branches:
Dungeon (13/15)            Temple (1/1) D:5            Lair (6/6) D:9
 Shoals (0/4) Lair:2       Spider (1/4) Lair:2        Slime (0/5) Lair:5
    Orc (2/2) D:9             Elf (0/3) Orc:2
 Vaults: D:13-14

Altars:
Ashenzari
Cheibriados
Dithmenos
Elyvilon
Fedhas
Gozag
Hepliaklqana
Kikubaaqudgha
Makhleb
Nemelex Xobeh
Okawaru
Qazlal
Ru
Sif Muna
Trog
Uskayaw
Vehumet
Wu Jian
Xom
Yredelemnul
Zin
The Shining One
Beogh
Jiyva

Shops:
D:8 *(   D:11 !   D:12 %   Orc:2 ?*}%%

Portals:
Trove: D:13 (give +3 shadow dragon scales)

Annotations:
D:8 exclusion: statue
D:12 exclusion: door
D:13 exclusion: 3 doors
Spider:1 Nikola


Innate Abilities, Weirdness & Mutations

You can breathe blasts of noxious fumes.
Your lurid green scales are hard. (AC +9)
You cannot fit into any form of body armour.
Your tail ends in a poisonous barb.
Your system is resistant to poisons. (rPois)
You are cold-blooded and may be slowed by cold attacks.


Message History

Aim: Nikola, wielding a rapier of electrocution, wearing a cloak and wearing a pair of embroidered gloves (heavily wounded, confused)
The orb of energy hits Nikola.
Nikola is heavily wounded.
The orb of energy explodes!
Nikola seems less confused.
Casting: Iskenderun's Mystic Blast
Confirm with . or Enter, or press ? or * to list all spells.
Aiming: Force Lance
Press: ? - help, Shift-Dir - straight line, f/p - Nikola
Aim: Nikola, wielding a rapier of electrocution, wearing a cloak and wearing a pair of embroidered gloves (heavily wounded)
The lance of force hits Nikola.
Nikola is severely wounded.
Nikola mumbles some strange words.
You hear a mighty clap of thunder!
The lightning arc hits you!
* * * LOW HITPOINT WARNING * * *
The lightning arc hits Nikola.
The lightning arc hits you!
* * * LOW HITPOINT WARNING * * *
The lightning arc hits Nikola.
The lightning arc hits you!
You die...
Fedhas appreciates your contribution to the ecosystem.

##### .#...#
....###
......# #...#
##..####
#.....^#
#####..@...#
#...#......##
#.....@#...#
#
#.#....#..##
#.# #
#...##.).##
....
##.#####...#
....y ##.#.#
##..#
#.....##...##
#.##
...s....##.#
###


You could see Nikola.

Vanquished Creatures
  A dire elephant (Lair:6)
  Harold (Lair:4)
  9 hydras
  An anaconda (Lair:6)
  4 catoblepae
  7 two-headed ogres
  Urug (D:10)
  9 death yaks
  Sonja (Lair:4)
  A wizard (D:12)
  2 lindwurms (Lair:6)
  A necromancer (D:13)
  4 orc knights
  A wolf spider (Spider:1)
  2 orc sorcerers (Orc:1)
  A deep elf mage (D:12)
  4 cyclopes
  6 manticores
  6 ugly things
  2 centaur zombies (D:12)
  8 slime creatures
  11 elephants
  6 black mambas
  A gargoyle (D:11)
  11 spiny frogs
  A torpor snail (Lair:5)
  14 komodo dragons
  4 rime drakes
  A redback zombie (D:13)
  A kobold demonologist (D:13)
  A jumping spider (Lair:2)
  7 polar bears
  5 trolls
  2 hornets
  32 blink frogs
  7 hippogriffs
  2 dream sheep (Lair:6)
  A shadow (D:12)
  2 redbacks
  2 vampires
  28 yaks
  A tarantella (Spider:1)
  6 wyverns
  2 water elementals (D:12)
  A wraith (D:13)
  4 basilisks
  15 humans (D:13)
  2 hungry ghosts
  3 steam dragons
  4 vampire mosquitoes
  2 wargs
  2 acid dragons (D:13)
  22 water moccasins
  17 porcupines
  42 orc warriors
  3 sky beasts
  3 ice beasts
  3 black bears
  A hornet zombie (D:11)
  9 ogres
  3 eyes of draining (D:12)
  3 phantoms
  6 wolves (Lair:6)
  12 centaurs
  22 crocodiles
  2 big kobolds (D:13)
  19 bullfrogs
  A wyvern zombie (D:6)
  A water moccasin zombie (D:12)
  6 scorpions
  4 killer bees
  12 wights
  6 electric eels
  2 howler monkeys
  A bullfrog zombie (D:13)
  8 crimson imps
  13 hounds
  A bullfrog skeleton (D:12)
  3 jellies
  20 orc priests
  3 centaur skeletons
  3 iguanas
  13 orc wizards
  A hell rat (Lair:6)
  10 worker ants
  A killer bee zombie (D:8)
  2 hound skeletons (D:6)
  A hound zombie (D:11)
  2 mummies (Ossuary)
  Robin (D:3)
  15 adders
  7 gnolls
  3 shadow imps
  An adder zombie (D:5)
  A worm (D:3)
  An adder skeleton (D:9)
  2 dart slugs (D:3)
  6 leopard geckos
  80 orcs
  A ball python (D:4)
  14 bats
  8 giant cockroaches
  21 goblins
  21 hobgoblins
  13 jackals
  4 quokkas
  4 frilled lizards
  17 kobolds
  2 kobold zombies (Ossuary)
  A leopard gecko skeleton (D:9)
  2 orc zombies (Ossuary)
  9 rats
768 creatures vanquished.

Vanquished Creatures (others)
  An orc wizard (D:9)
  3 bushes
  38 fungi
  30 plants
  444 toadstools
516 creatures vanquished.

Grand Total: 1284 creatures vanquished

Notes
Turn   | Place    | Note
-------+----------+-------------------------------------------
     0 | D:1      | Nek the Draconian Conjurer began the quest for the Orb.
     0 | D:1      | Reached XP level 1. HP: 14/14 MP: 3/3
   400 | D:1      | Reached XP level 2. HP: 20/20 MP: 5/5
  1031 | D:1      | Reached skill level 5 in Conjurations
  1031 | D:1      | Reached XP level 3. HP: 26/26 MP: 1/6
  1770 | D:2      | Reached XP level 4. HP: 33/33 MP: 0/7
  1776 | D:2      | Learned a level 4 spell: Iskenderun's Mystic Blast
  2294 | D:3      | Noticed Robin
  2601 | D:3      | Reached skill level 6 in Conjurations
  2868 | D:3      | Reached XP level 5. HP: 38/38 MP: 8/8
  3020 | D:3      | Killed Robin
  3127 | D:3      | Found an ancient bone altar of Kikubaaqudgha.
  3716 | D:4      | Reached XP level 6. HP: 31/45 MP: 9/9
  4094 | D:4      | Reached skill level 7 in Conjurations
  4350 | D:5      | Entered Level 5 of the Dungeon
  4655 | D:5      | Found a staircase to the Ecumenical Temple.
  4668 | Temple   | Entered the Ecumenical Temple
  4739 | Temple   | Became a worshipper of Fedhas Madash
  5208 | D:5      | Found a snail-covered altar of Cheibriados.
  5212 | D:5      | Found an opulent altar of Gozag.
  5213 | D:5      | Found a glowing silver altar of Zin.
  5214 | D:5      | Found a deep blue altar of Sif Muna.
  5215 | D:5      | Found a shattered altar of Ashenzari.
  5216 | D:5      | Found a basalt altar of Yredelemnul.
  5390 | D:6      | Your scales start taking on a lurid green colour.
  5390 | D:6      | Reached XP level 7. HP: 48/50 MP: 5/11
  5390 | D:6      | Gained mutation: Your system is resistant to poisons. (rPois) [Green Draconian growth]
  6330 | D:6      | Found a sacrificial altar of Ru.
  6438 | D:6      | Reached skill level 8 in Conjurations
  6623 | D:6      | Reached XP level 8. HP: 30/57 MP: 1/14
  7424 | D:7      | Reached skill level 5 in Dodging
  7424 | D:7      | Reached skill level 5 in Spellcasting
  7930 | D:7      | Found an ornate altar of the Wu Jian Council.
  8229 | D:8      | Found a sand-covered staircase.
  8231 | D:8      | Found Tosenete's Assorted Antiques.
  8331 | D:8      | Bought a lumpy inky potion for 27 gold pieces
  8331 | D:8      | Bought a scroll labeled PIS INI EPSI for 30 gold pieces
  8362 | Ossuary  | Entered an ossuary
  8533 | D:8      | Reached skill level 9 in Conjurations
  8606 | D:8      | Found a white marble altar of Elyvilon.
  8656 | D:8      | Found Los Hufi's Antique Weapon Shop.
  8661 | D:8      | Noticed a cyclops
  9441 | D:9      | Reached XP level 9. HP: 62/62 MP: 17/17
 10395 | D:8      | Found a radiant altar of Vehumet.
 11314 | D:9      | Found a staircase to the Orcish Mines.
 11386 | D:9      | Reached skill level 10 in Conjurations
 11864 | D:8      | Reached XP level 10. HP: 54/69 MP: 16/20
 12402 | D:8      | Killed a cyclops
 12933 | D:9      | Found a runed door.
 12998 | D:9      | Found a burning altar of Makhleb.
 13000 | D:9      | Noticed a cacodemon
 13004 | D:9      | Noticed an orange demon
 13173 | D:9      | Found a staircase to the Lair.
 13177 | Lair:1   | Entered Level 1 of the Lair of Beasts
 13244 | Lair:1   | Learned a level 3 spell: Mephitic Cloud
 14112 | Lair:1   | Noticed a spiny frog
 14138 | Lair:1   | Killed a spiny frog
 14138 | Lair:1   | Reached skill level 11 in Conjurations
 14538 | Lair:1   | Noticed a black mamba
 14542 | Lair:1   | Killed a black mamba
 14542 | Lair:1   | Reached skill level 1 in Shields
 14601 | Lair:1   | Noticed a five-headed hydra
 14804 | Lair:2   | Reached XP level 11. HP: 74/74 MP: 5/23
 15472 | Lair:2   | Noticed a catoblepas
 15490 | Lair:1   | Reached * piety under Fedhas
 15756 | Lair:1   | Killed a five-headed hydra
 16906 | Lair:4   | Reached skill level 12 in Conjurations
 16954 | Lair:4   | Noticed Sonja
 16962 | Lair:4   | Killed Sonja
 16962 | Lair:4   | Reached skill level 5 in Shields
 17102 | Lair:4   | Noticed Harold
 17108 | Lair:4   | Killed Harold
 17382 | Lair:4   | Noticed a seven-headed hydra
 17425 | Lair:4   | Killed a seven-headed hydra
 17425 | Lair:4   | Reached skill level 10 in Dodging
 18057 | Lair:1   | Reached XP level 12. HP: 80/81 MP: 10/24
 18333 | Lair:1   | Learned a level 2 spell: Blink
 18338 | Lair:1   | Learned a level 4 spell: Force Lance
 18445 | Lair:2   | Reached skill level 1 in Translocations
 18544 | Lair:2   | Found a hole to the Spider Nest.
 18651 | Lair:2   | Found a staircase to the Shoals.
 20382 | Lair:5   | Reached skill level 13 in Conjurations
 20540 | Lair:5   | Found a viscous altar of Jiyva.
 20540 | Lair:5   | Found a staircase to the Slime Pits.
 20555 | Lair:5   | Reached ** piety under Fedhas
 21409 | Lair:5   | Reached skill level 5 in Translocations
 21620 | Lair:5   | Noticed an eight-headed hydra
 21639 | Lair:5   | Killed an eight-headed hydra
 22076 | Lair:6   | Entered Level 6 of the Lair of Beasts
 23046 | D:10     | Entered Level 10 of the Dungeon
 23423 | D:10     | Reached *** piety under Fedhas
 23648 | D:10     | Noticed Urug
 24119 | D:10     | Killed Urug
 24119 | D:10     | Reached XP level 13. HP: 86/86 MP: 11/25
 24522 | D:10     | Got a fine short sword
 24524 | D:10     | Identified the +3 short sword of Xom's Envy {venom, Stlth+} (You found it on level 10 of the Dungeon)
 25260 | D:11     | Found Gadeffaa's Distillery.
 25346 | D:11     | Reached skill level 10 in Shields
 26106 | D:9      | Reached skill level 1 in Poison Magic
 26498 | D:9      | Found a roughly hewn altar of Beogh.
 28822 | D:12     | Reached skill level 5 in Poison Magic
 28907 | D:12     | Reached **** piety under Fedhas
 29934 | D:12     | Found Utaxt's Food Boutique.
 29962 | D:12     | Found a shadowy altar of Dithmenos.
 31619 | D:12     | Reached skill level 5 in Stealth
 32249 | D:12     | Noticed a sphinx
 32827 | D:13     | Gained mutation: Your tail ends in a poisonous barb. [Green Draconian growth]
 32827 | D:13     | Reached XP level 14. HP: 83/93 MP: 4/26
 33382 | D:13     | Found a portal to a secret trove of treasure.
 34001 | D:13     | Reached ***** piety under Fedhas
 34313 | D:13     | Reached skill level 10 in Poison Magic
 35230 | Orc:1    | Entered Level 1 of the Orcish Mines
 35765 | Orc:1    | Found a roughly hewn altar of Beogh.
 36001 | Orc:2    | Entered Level 2 of the Orcish Mines
 36645 | Orc:2    | Found a staircase to the Elven Halls.
 36743 | Orc:2    | Found Antaq's Food Boutique.
 39116 | Orc:2    | Found Vas Man's General Store.
 39116 | Orc:2    | Found Ahinon's Gadget Emporium.
 39118 | Orc:2    | Found Siovabbaesch's Food Shoppe.
 39120 | Orc:2    | Found Zumeyj's Magic Scroll Shop.
 40743 | Lair:6   | Reached skill level 14 in Conjurations
 41074 | Lair:5   | Reached skill level 1 in Fighting
 41077 | Lair:5   | Reached skill level 1 in Air Magic
 41642 | Lair:5   | Reached skill level 10 in Spellcasting
 43250 | Lair:6   | Reached XP level 15. HP: 83/108 MP: 4/29
 43675 | Lair:6   | Reached ****** piety under Fedhas
 44849 | Lair:5   | Reached skill level 5 in Fighting
 46390 | Lair:6   | Reached skill level 5 in Air Magic
 47200 | Lair:1   | Learned a level 6 spell: Bolt of Fire
 47642 | Spider:1 | Entered Level 1 of the Spider Nest
 47647 | Spider:1 | Reached skill level 1 in Fire Magic
 47689 | Spider:1 | Noticed Nikola
 48050 | Spider:1 | Killed from afar by Nikola

Vault maps used:
D:1:      wheals_arrival_linesprint, nrook_uturn
D:2:      kennysheep_generic_room_2
D:3:      old_standard_altar, uniq_robin
D:4:      first_bread
D:5:      minitemple, temple_fountains
D:6:      old_standard_altar
D:7:      kennysheep_steamy, old_standard_altar, minivault_26, grunt_ogre_cave
D:8:      elyvilon_altar_5, vehumet_statue, serial_shops, shop,
          nicolae_shop_trees, lightli_ossuary_entry_decrepit_ruins,
          serial_glass, glass_columns_b, glass_columns_a, glass_columns_a
D:9:      makhleb_altar_promises_db, grunt_lair_entry_orc_guard_hut,
          david_orc_3, lightli_church_of_beogh
D:10:     uniq_urug
D:11:     serial_curves, eino_curves_04, eino_curves_01, serial_shops,
          nicolae_shop_behind_doors, glass_columns_b
D:12:     kennysheep_four_of_diamonds, serial_shops, shop, grunt_dithmenos_smoke
D:13:     cheibrodos_quadrivalence, grunt_vaults_entry_tiered,
          nicolae_trove_entry_crystal
Temple:   eino_wide_crystal_templ
Lair:1:   cheibrodos_lair_river_kwai, st_stairs_13
Lair:2:   beast_lair_carwin_large_1, minmay_shoals_entry_beasts,
          spider_nest_entry_a, lemuel_fruit_tree
Lair:4:   nicolae_quartered_pool_super, serial_bayou_shore_b, uniq_harold,
          uniq_sonja
Lair:5:   dpeg_slime_entry_enclosed_altar, grunt_megastairs_5
Lair:6:   hangedman_lair_in_review, grunt_forest_small_clearings, st_stairs_3
Spider:1: uniq_nikola, uniq_rupert
Orc:1:    enter_bailey_2, serial_shops, lemuel_statue_altar
Orc:2:    st_orc_rangers, serial_shops, nicolae_shop_stone
Ossuary:  ossuary_tomb_3

Skill      XL: |  1  2  3  4  5  6  7  8  9 10 11 12 13 14 15 |
---------------+----------------------------------------------+-----
Conjurations   | 5 6 7 8 9 10 11 12 13 14 | 14.0
Dodging        | 2 3 4 5 7 8 10 | 10.3
Spellcasting   | 3 4 5 7 8 10 | 10.3
Shields        | 2 6 9 10 | 10.1
Translocations | 7 9 |  9.0
Poison Magic   | 9 12 | 12.0
Stealth        | 5 7 9 |  9.0
Fighting       | 3 6 |  6.4
Air Magic      | 3 5 |  5.2
Fire Magic     | 1 |  1.3

Action                   |  1- 3 |  4- 6 |  7- 9 | 10-12 | 13-15 || total
-------------------------+-------+-------+-------+-------+-------++-------
Melee: Short sword       |    36 |     4 |       |       |   160 ||   200
       Tailslap          |     5 |       |       |       |    20 ||    25
       Unarmed           |     1 |       |       |       |       ||     1
       Dagger            |    10 |     5 |       |       |       ||    15
       Morningstar       |       |       |    11 |    12 |       ||    23
 Cast: Magic Dart        |    75 |   232 |   275 |   412 |   471 ||  1465
       Iskenderun's Myst |       |       |    93 |   353 |   815 ||  1261
       Mephitic Cloud    |       |       |       |     3 |    17 ||    20
       Force Lance       |       |       |       |     2 |   115 ||   117
       Blink             |       |       |       |     1 |     1 ||     2
Invok: Fungal Bloom      |       |       |       |    38 |    97 ||   135
 Abil: Breathe Noxious F |       |       |       |     1 |    24 ||    25
  Use: Scroll            |     2 |    15 |     3 |     5 |     6 ||    31
       Potion            |       |       |       |     2 |     1 ||     3
 Stab: Sleeping          |     1 |       |       |       |       ||     1
       Confused          |       |       |       |       |     6 ||     6
  Eat: Chunk             |     4 |    12 |    27 |    31 |    83 ||   157
       Fruit             |       |       |     6 |    13 |     6 ||    25
       Royal jelly       |       |       |     1 |       |     1 ||     2
       Meat ration       |       |       |       |     5 |     5 ||    10
       Bread ration      |       |       |       |       |     4 ||     4
Armor: Skin              |    19 |    23 |    35 |    52 |   157 ||   286
Dodge: Dodged            |    48 |    42 |    53 |   163 |   425 ||   731
Block: Buckler           |       |       |       |    55 |   194 ||   249
